 Dungeon Crawl Stone Soup version 0.20.1-1-g8b1a95d (webtiles) character file.

168 FollowTheCloud the Grave Robber (level 5, -1/39 HPs)
             Began as a Demonspawn Necromancer on Aug 27, 2017.
             Killed by divine providence
             ... invoked by an orc priest
              (9 damage)
             ... on level 4 of the Dungeon.
             The game lasted 00:09:12 (2750 turns).

FollowTheCloud the Grave Robber (DsNe)              Turns: 2750, Time: 00:09:12

Health: -1/39      AC:  2    Str:  8    XL:     5   Next: 23%
Magic:  0/9        EV: 13    Int: 17    God:
Gold:   127        SH:  0    Dex: 14    Spells: 2/10 levels left

rFire    + . .     SeeInvis .   (no weapon)
rCold    . . .     Gourm    .   (no shield)
rNeg     . . .     Faith    .   a - +0 robe
rPois    .         Spirit   +   (no helmet)
rElec    .         Reflect  .   (no cloak)
rCorr    .         Harm     .   (no gloves)
MR       .....                  (no boots)
Stlth    ++........             (no amulet)
Regen    0.2/turn               (no ring)
MPRegen  0.2/turn               (no ring)

@: no status effects
A: claws 1, fire resistance 1, magic shield
a: no special abilities


You were on level 4 of the Dungeon.
You were hungry.

You visited 1 branch of the dungeon, and saw 4 of its levels.

You collected 127 gold pieces.

Inventory:

Armour
 a - a +0 robe (worn)
Jewellery
 e - an uncursed ring of protection from magic {unknown}
 i - an uncursed ring of magical power {unknown}
Scrolls
 d - 3 scrolls of remove curse {unknown}
 g - 3 scrolls of identify {unknown}
 h - a scroll of blinking {unknown}
 j - 2 scrolls of enchant weapon {unknown}
 k - 2 scrolls of teleportation {unknown}
 m - a scroll of immolation {unknown}
 o - a scroll of recharging {unknown}
 r - a scroll of enchant armour {unknown}
 v - a scroll of amnesia {unknown}
Potions
 l - 4 potions of mutation {unknown}
 n - a potion of curing {unknown}
 p - a potion of heal wounds {unknown}
 q - a potion of cancellation {unknown}
 t - a potion of brilliance {unknown}
 w - a potion of haste {unknown}
Books
 b - a book of Necromancy

   Spells                             Type                      Level
   a - Pain                           Necromancy                   1
   b - Animate Skeleton               Necromancy                   1
   c - Vampiric Draining              Necromancy                   3
   d - Regeneration                   Charms/Necromancy            3
   e - Animate Dead                   Necromancy                   4
   f - Control Undead                 Necromancy                   4
Comestibles
 c - 4 bread rations
 f - a royal jelly
 s - a chunk of flesh
 u - a meat ration


   Skills:
 + Level 2.3 Fighting
 + Level 2.5 Dodging
 - Level 1.7 Stealth
 + Level 3.0 Spellcasting
 + Level 5.4 Necromancy


You had 2 spell levels left.
You knew the following spells:

 Your Spells              Type           Power        Failure   Level  Hunger
a - Pain                  Necr           ###.         1%          1    None
b - Animate Skeleton      Necr           N/A          1%          1    None
c - Vampiric Draining     Necr           ###.......   5%          3    ###....
d - Regeneration          Chrm/Necr      ##........   17%         3    ###....


Dungeon Overview and Level Annotations

Branches:
Dungeon (4/15)             Temple (0/1) D:4

Altars:

Annotations:
D:3 ezni's ghost, amateur OpFi


Innate Abilities, Weirdness & Mutations

You have sharp fingernails.
Your flesh is heat resistant. (rF+)
When hurt, damage is shared between your health and your magic reserves.


Message History

The orc closely misses your frilled lizard skeleton.
The orc hits your frilled lizard skeleton with a falchion.
The orc priest hits your frilled lizard skeleton with a flail!
Your frilled lizard skeleton is destroyed!
You hear the hiss of a very distant avalanche of sand.
A worker ant comes into view.
You open the door.
Found a staircase to the Ecumenical Temple.
There is an open door here.
The orc priest calls upon Beogh to heal the orc.
The orc is healed somewhat.
You close the door.
An orc opens the door.
You open the door. The orc hits you with a falchion!
* * * LOW HITPOINT WARNING * * *
There is an open door here.
There is a staircase to the Ecumenical Temple here.
The orc hits you but does no damage.
The orc priest calls down the wrath of Beogh upon you.
Beogh smites you!
You die...

#....o......+ ###
#.s###......# #.
#.. #........)....
#. #..
#.#####.#.#########
#.. +..
#.............a..
#..# #..
######s######+###
#...####.
#..o.#.o...#
###........
####.#o#o#.#
..........#
#.'s#@#.+
###........
###.###.#
......###.# #.....#
####...<#.. ###+###
#.........
#.........
.......###. #...##.
. #... #. . ... ..
.


You could see a scorpion, an orc priest and 2 orcs.

Vanquished Creatures
  A bullfrog skeleton (D:4)
  A hound skeleton (D:4)
  A gnoll (D:1)
  6 adders
  2 oozes (D:1)
  A worm (D:2)
  2 dart slugs
  3 leopard geckos
  3 bats
  5 giant cockroaches (D:2)
  7 goblins
  3 hobgoblins (D:1)
  7 kobolds
  A ball python (D:2)
  4 frilled lizards
  6 rats
53 creatures vanquished.

Notes
Turn   | Place    | Note
-------+----------+-------------------------------------------
     0 | D:1      | FollowTheCloud the Demonspawn Necromancer began the quest for the Orb.
     0 | D:1      | Reached XP level 1. HP: 13/13 MP: 3/3
   171 | D:1      | Gained mutation: When hurt, damage is shared between your health and your magic reserves. [demonic ancestry]
   171 | D:1      | Reached XP level 2. HP: 15/20 MP: 1/5
   399 | D:1      | Reached skill level 1 in Fighting
   402 | D:1      | Learned a level 1 spell: Animate Skeleton
   647 | D:1      | Reached XP level 3. HP: 21/26 MP: 1/6
   668 | D:1      | Learned a level 3 spell: Vampiric Draining
  1739 | D:2      | Gained mutation: You have sharp fingernails. [demonic ancestry]
  1739 | D:2      | Reached XP level 4. HP: 24/33 MP: 0/8
  1897 | D:2      | Learned a level 3 spell: Regeneration
  1970 | D:2      | Reached skill level 5 in Necromancy
  2486 | D:3      | Noticed ezni's ghost (amateur OpFi)
  2580 | D:4      | Gained mutation: Your flesh is heat resistant. (rF+) [demonic ancestry]
  2580 | D:4      | Reached XP level 5. HP: 18/38 MP: 4/9
  2741 | D:4      | Found a staircase to the Ecumenical Temple.
  2750 | D:4      | Killed from afar by an orc priest

Skill      XL: |  1  2  3  4 |
---------------+-------------+-----
Fighting       | 1 2 |  2.3
Dodging        | 2 |  2.5
Necromancy     | 5 |  5.4
Spellcasting   | 3 |  3.0
Stealth        | |  1.7

Action                   |  1- 3 |  4- 6 || total
-------------------------+-------+-------++-------
Melee: Unarmed           |     7 |    43 ||    50
 Cast: Pain              |    65 |    32 ||    97
       Animate Skeleton  |     3 |     1 ||     4
       Vampiric Draining |       |     3 ||     3
 Stab: Distracted        |     1 |       ||     1
  Eat: Chunk             |     3 |     3 ||     6
Armor: Robe              |     3 |     6 ||     9
Dodge: Dodged            |    12 |    43 ||    55
